AoeStats
← MattAtArms

Arabian Desert

517391978Analyzed
1v1 RM · 6d ago on Oct 30, 2026· 41m 32s· 2 players
Game mode
Random Map
Map size
Tiny (2 player)
Population
200
Speed
Normal
Resources
Standard
Victory
Conquest
Starting age
Dark Age
Ending age
Imperial Age
RankedLock teamsTeams togetherTeam positionsShared explorationLock speedFull tech treeHidden civsTurbo modeCheats
Victory
Defeat
🇩🇪 Britons · Germany
2098
+8
vs
🇬🇧 Portuguese · United Kingdom
1906
-8
MattAtArms
9:14 Loom
11:43 Feudal Age
12:19 Double-Bit Axe
12:15 Horse Collar
18:14 Castle Age
16:59 Fletching
17:06 Gold Mining
17:51 Padded Archer Armor
18:50 Bodkin Arrow
20:12 Bow Saw
19:30 Crossbowman
21:33 Bow Saw
23:31 Ballistics
23:59 Town Watch
24:50 Wheelbarrow
31:26 Imperial Age
32:17 Bracer
33:26 Chemistry
35:34 Scale Barding Armor
36:27 Forging
37:34 Bloodlines
36:47 Cavalier
38:31 Chain Barding Armor
40:34 Plate Barding Armor
40:58 Heavy Plow
42:14 Iron Casting
_[eC]_Gurke_
6:38 Loom
8:56 Feudal Age
9:25 Double-Bit Axe
10:23 Horse Collar
18:43 Castle Age
18:56 Fletching
19:50 Bow Saw
19:36 Bodkin Arrow
19:39 Crossbowman
20:39 Padded Archer Armor
20:32 Gold Mining
25:07 Ballistics
25:51 Town Watch
27:19 Wheelbarrow
28:22 Leather Archer Armor
32:31 Imperial Age
30:50 Heavy Plow
32:31 Hand Cart
33:14 Bracer
34:19 Chemistry
32:40 Elite Skirmisher
35:29 Ring Archer Armor
35:50 Conscription
36:10 Gold Shaft Mining
36:38 Stone Mining
38:09 Two-Man Saw
36:39 Arbalester
41:53 Hoardings
41:30 Guilds
Connection lost

Rejoining the realm…

Still unreachable

The connection could not be restored.

Session expired

The server has moved on; the page needs a fresh start.